 Dungeon Crawl Stone Soup version 0.28-a0-1382-g92835e5 (webtiles) character file.

Game seed: 5697159746155728768

57 Dorkslayer the Skirmisher (level 4, -28/31 HPs)
             Began as an Octopode Fighter on Jan 1, 2022.
             Engulfed by a cloud of flame (33 damage)
             ... on level 2 of the Dungeon.
             The game lasted 00:03:34 (1552 turns).

Dorkslayer the Skirmisher (Octopode Fighter)        Turns: 1552, Time: 00:03:34

Health: -28/31     AC:  1    Str: 17    XL:     4   Next: 0%
Magic:  4/4        EV: 13    Int: 10    God:
Gold:   11         SH:  4    Dex: 11    Spells: 3/3 levels left

rFire   . . .      SeeInvis .   a - +0 long sword
rCold   . . .      Faith    .   b - +0 buckler
rNeg    . . .      Spirit   .   (helmet restricted)
rPois   .          Reflect  .   (no amulet)
rElec   .          Harm     .   (no ring)
rCorr   .          Rampage  .   (no ring)
Will    .....                   (no ring)
Stlth   ++........              (no ring)
HPRegen 0.10/turn               (no ring)
MPRegen 0.09/turn               (no ring)
                                (no ring)
                                (no ring)

@: no status effects
A: almost no armour, amphibious, 8 rings, camouflage 1, gelatinous body 1,
(nimble swimmer 1), tentacles
a: no special abilities


You were on level 2 of the Dungeon.
You visited 1 branch of the dungeon, and saw 2 of its levels.

You collected 11 gold pieces.

Inventory:

Hand Weapons
 a - a +0 long sword (weapon)
Armour
 b - a +0 buckler (worn)
Scrolls
 d - 2 scrolls of blinking {unknown}
 e - a scroll of immolation
 g - a scroll of identify {unknown}
Potions
 c - a potion of might
 f - 2 potions of curing {unknown}
 h - a potion of heal wounds {unknown}


   Skills:
 + Level 3.5 Fighting
 + Level 2.6 Long Blades
 + Level 3.4 Dodging
 + Level 1.0 Stealth
 + Level 3.3 Shields


You had 3 spell levels left.
You didn't know any spells.
Your spell library contained the following spells:

 Spells                   Type           Power      Damage    Failure   Level
 Ensorcelled Hibernation  Hex/Ice        0%         N/A       52%         2
 Spider Form              Tmut/Pois      0%         N/A       77%         3
 Fireball                 Conj/Fire      0%         3d3       100%        5
 Iskenderun's Battlesphe  Conj           0%         2d6       100%        5
 Conjure Ball Lightning   Conj/Air       0%         3x3d6     100%        6
 Orb of Destruction       Conj           0%         N/A       100%        7


Dungeon Overview and Level Annotations

Branches:
Dungeon (2/15)

Altars:

Shops:
D:1 ?


Innate Abilities, Weirdness & Mutations

You cannot wear most types of armour.
You are amphibious.
You can wear up to eight rings at the same time.
Your skin changes colour to match your surroundings (Stealth+).
Your rubbery body absorbs attacks. (AC +1, EV +1)
((You are camouflaged when in or above water. (Stealth+)))
You have tentacles for arms and can constrict up to eight enemies at once.


Message History

You drop a ring of fire.
f - 2 blue potions (gained 1)
An adder comes into view.
A giant cockroach comes into view.
Found a scroll labelled QEREDGHIATU.
The helpless adder fails to defend itself.
You slash the adder! Your grab misses the adder. You squeeze the adder.
You kill the adder!
You see here an adder corpse.
The helpless giant cockroach fails to defend itself.
You hit the giant cockroach. Your grab misses the giant cockroach.
You squeeze the giant cockroach.
You kill the giant cockroach!
You have reached level 4!
Found a stone staircase leading up.
You open the door.
There is an open door here.
Found 21 stones.
You open the door.
There is an open door here.
Found a stone staircase leading down.
You open the door.
There is an open door here.
e - 2 scrolls labelled GYISAS IPHU (gained 1)
An adder comes into view.
Found an emerald ring.
Okay, then.
As you read the scroll labelled GYISAS IPHU, it crumbles to dust.
The creatures around you are filled with an inner flame!
It was a scroll of immolation.
The adder hisses angrily.
An endoplasm comes into view.
You slash the adder!
The adder explodes!
The fiery explosion engulfs you!!
Ouch! That really hurt!
* * * LOW HITPOINT WARNING * * *
You are engulfed in blazing flames.
Ouch! That really hurt!
You die...

#.#..........#.......#......
#............#.......#......
###......#.............#......
#........#.............#......
#...####.#....#........#......
##...####.#......#<..#'##......
#.........###........#.###...##
#........>..§§§................
#...........§§@................
######...####.§..........#...##
#.....# ..............#...#
#....S#...............#...#
#.....#.J..######.....#.....
#.....###... .......####..
#.....# #... ........# ..
#.....# #... ........# .
#.....#


You could see an endoplasm (asleep).

Vanquished Creatures
  3 adders (D:2)
  A worm (D:2)
  2 dart slugs (D:1)
  2 ball pythons (D:1)
  2 bats (D:1)
  4 endoplasms (D:1)
  2 giant cockroaches
  2 hobgoblins (D:1)
  3 jackals (D:1)
  2 quokkas (D:1)
  A frilled lizard (D:1)
  A goblin (D:1)
  4 kobolds
  3 rats
32 creatures vanquished.

Notes
Turn   | Place    | Note
-------+----------+-------------------------------------------
     0 | D:1      | Dorkslayer the Octopode Fighter began the quest for the
                  | Orb.
     0 | D:1      | Reached XP level 1. HP: 16/16 MP: 1/1
     5 | D:1      | Found a faded altar of an unknown god.
   151 | D:1      | Reached XP level 2. HP: 14/21 MP: 2/2
   359 | D:1      | Found Bacesez's Magic Scroll Shoppe.
   765 | D:1      | Reached XP level 3. HP: 21/26 MP: 3/3
   988 | D:2      | Reached skill level 1 in Stealth
  1465 | D:2      | Reached XP level 4. HP: 31/31 MP: 4/4
  1552 | D:2      | Engulfed by a cloud of flame

Illustrated notes

Levels and vault maps discovered:
D:1:      dpeg_arrival_rhombus, layout_basic, serial_shops, shop,
          ebering_ecumenical_altar_ruins, hangedman_decor_clover_reticule
D:2:      layout_basic

Skill      XL: |  1  2  3 |
---------------+----------+-----
Stealth        | 1 |  1.0
Fighting       | |  3.5
Long Blades    | |  2.6
Dodging        | |  3.4
Shields        | |  3.3

Action                   |  1- 3 |  4- 6 || total
-------------------------+-------+-------++-------
Melee: Long sword        |    53 |     1 ||    54
       Tentacles         |    15 |       ||    15
       Constrict         |    15 |       ||    15
  Use: Scroll            |       |     1 ||     1
 Stab: Sleeping          |    12 |       ||    12
Armor: Skin              |     2 |       ||     2
Dodge: Dodged            |    30 |       ||    30
Block: Buckler           |     8 |       ||     8

Table legend: (Time is in decaauts)
 A = Elapsed time spent in this place.
 B = Non-inter-level travel time spent in this place.
 C = Inter-level travel time spent in this place.
 D = Time resting spent in this place.
 E = Time spent auto-exploring this place.
 F = Levels seen in this place.
 G = Mean time per level.
                   A        B        C        D        E       F      G
               +--------+--------+--------+--------+--------+-----+--------+
         Total |   1569 |   1569 |      0 |    429 |    535 |   2 |  784.5 |
       Dungeon |   1569 |   1569 |      0 |    429 |    535 |   2 |  784.5 |
               +--------+--------+--------+--------+--------+-----+--------+

Top non-repeatable levels by time:
     D:1: 1236 daAuts
     D:2: 332 daAuts
